 Dungeon Crawl Stone Soup version 0.29.1-15-g9cfb28693d (webtiles) character file.

Game seed: 2605214147955423296

14 Eitelfritz the Sneak (level 2, -4/22 HPs)
             Began as a Demonspawn Brigand on Apr 25, 2023.
             Slain by a gnoll
             ... wielding a +0 spear
              (8 damage)
             ... on level 1 of the Dungeon.
             The game lasted 00:01:01 (691 turns).

Eitelfritz the Sneak (Demonspawn Brigand)            Turns: 691, Time: 00:01:01

Health: -4/22      AC:  3    Str: 11    XL:     2   Next: 27%
Magic:  2/2        EV: 11    Int: 12    God:
Gold:   44         SH:  0    Dex: 14    Spells: 1/1 levels left

rFire   . . .      SeeInvis .   a - +2 dagger
rCold   . . .      Faith    .   (no shield)
rNeg    . . .      Spirit   .   i - +0 robe
rPois   .          Reflect  .   (no helmet)
rElec   .          Harm     .   c - +0 cloak
rCorr   .          Rampage  .   (no gloves)
Will    .....                   (no boots)
Stlth   +++.......              (no amulet)
HPRegen 0.07/turn               (no ring)
MPRegen 0.16/turn               (no ring)

@: no status effects
A: magic regeneration
a: no special abilities


You were on level 1 of the Dungeon.
You visited 1 branch of the dungeon, and saw 1 of its levels.

You collected 44 gold pieces.

Inventory:

Hand Weapons
 a - a +2 dagger (weapon)
 b - a +1 sling of freezing
Missiles
 d - 9 poisoned darts (quivered)
 e - 3 curare-tipped darts
Armour
 c - a +0 cloak (worn)
 i - a +0 robe (worn)
Scrolls
 f - 2 scrolls of identify {unknown}
 g - a scroll of butterflies {unknown}
 h - a scroll of vulnerability {unknown}
Potions
 j - a potion of curing {unknown}
 k - 2 potions of lignification {unknown}


   Skills:
 + Level 2.0 Fighting
 + Level 1.8 Short Blades
 + Level 1.8 Throwing
 + Level 1.0 Dodging
 + Level 4.1 Stealth


You had one spell level left.
You didn't know any spells.
Your spell library contained the following spells:

 Spells                   Type           Power      Damage    Failure   Level
 Summon Small Mammal      Summ           0%         N/A       32%         1
 Call Canine Familiar     Summ           0%         N/A       69%         3
 Frozen Ramparts          Ice            0%         1d1       69%         3
 Summon Guardian Golem    Hex/Summ       0%         N/A       69%         3
 Ice Form                 Ice/Tmut       0%         N/A       97%         4
 Summon Ice Beast         Ice/Summ       0%         N/A       97%         4


Dungeon Overview and Level Annotations

Branches:
Dungeon (1/15)

Altars:

Annotations:
D:1 2 transporters


Innate Abilities, Weirdness & Mutations

You regenerate magic rapidly.


Message History

a +0 dagger; a goblin corpse
Things that are here:
a +0 dagger; a goblin corpse You now have 44 gold pieces (gained 15).
A bat comes into view.
A gnoll and a hobgoblin come into view.
The bat hits you. The bat closely misses you. The bat barely misses you.
The gnoll shouts!
The hobgoblin shouts!
The bat hits you but does no damage. The bat closely misses you.
The gnoll barely misses you. The bat attacks as you move away!
The bat closely misses you. The bat barely misses you.
The gnoll hits you but does no damage. The hobgoblin hits you.
You closely miss the gnoll. The bat hits you but does no damage.
The gnoll hits you with a +0 spear. The hobgoblin completely misses you.
You hit the gnoll.
The gnoll is lightly wounded.
The bat hits you. The gnoll closely misses you.
The hobgoblin barely misses you.
You hit the gnoll.
The gnoll is moderately wounded.
You hit the gnoll.
The gnoll is heavily wounded.
The bat hits you but does no damage. The gnoll barely misses you.
The hobgoblin barely misses you.
You hit the gnoll.
The gnoll is heavily wounded.
The bat barely misses you. The gnoll hits you with a +0 spear.
The hobgoblin barely misses you. The bat barely misses you.
You hit the gnoll but do no damage.
The gnoll is heavily wounded.
The bat closely misses you. The gnoll hits you with a +0 spear.
* * * LOW HITPOINT WARNING * * *
The hobgoblin barely misses you.
You hit the gnoll.
The gnoll is severely wounded.
The bat completely misses you. The gnoll hits you with a +0 spear!
You die...

#...## ##.#####
##...## ##...###
#......# ##.(..
###...##########
##... ###...# ##..
###...### ###
##...### # # #...##
######.### ##...###
#........#
###...###.g@g....#
###...#........#
##......b....#
####........#
#########
#...................
#........## ######.#
##.####### ###.. ...
##≈≈≈. #### ##≈≈≈≈≈


You could see a gnoll, a hobgoblin and a bat.

Vanquished Creatures
  2 endoplasms (D:1)
  A giant cockroach (D:1)
  4 goblins (D:1)
  A quokka (D:1)
  4 frilled lizards (D:1)
  A rat (D:1)
13 creatures vanquished.

Notes
Turn   | Place    | Note
-------+----------+-------------------------------------------
     0 | D:1      | Eitelfritz the Demonspawn Brigand began the quest for the
                  | Orb.
     0 | D:1      | Reached XP level 1. HP: 16/16 MP: 1/1
   173 | D:1      | Reached skill level 4 in Stealth
   413 | D:1      | Gained mutation: You regenerate magic rapidly. [demonic
                  | ancestry]
   413 | D:1      | Reached XP level 2. HP: 22/22 MP: 2/2
   643 | D:1      | Reached skill level 1 in Dodging
   691 | D:1      | Slain by a gnoll

Illustrated notes

Levels and vault maps discovered:
D:1:      spicycebolla_arrival_transporter_tutorial, layout_rooms,
          serial_curves, eino_curves_03, eino_curves_03, eino_curves_01,
          shapermc_ecumenical_altar_petra, serial_park_tiny_pond,
          hangedman_decor_growths

Skill      XL: |  1  2 |
---------------+-------+-----
Stealth        | 4 |  4.1
Dodging        | 1 |  1.0
Fighting       | |  2.0
Short Blades   | |  1.8
Throwing       | |  1.8

Action                   || total
-------------------------++-------
Melee: Dagger            ||    42
 Fire: Sling             ||     4
 Stab: Sleeping          ||     2
Armor: Robe              ||     9
Dodge: Dodged            ||    35
